 Dungeon Crawl Stone Soup version 0.30-b1-2-g02819fbbbe (webtiles) character file.

Game seed: 752517078596539046

15449 Mesmaeker13 the Fighter (level 12, -5/103 HPs)
             Began as a Barachi Hunter on June 20, 2023.
             Was an Elder of Cheibriados.
             Slain by a skeletal warrior
             ... wielding a +0 halberd
              (20 damage)
             ... on level 11 of the Dungeon.
             The game lasted 00:32:21 (13279 turns).

Mesmaeker13 the Fighter (Barachi Hunter)           Turns: 13279, Time: 00:32:21

Health: -5/103     AC:  9    Str: 24    XL:     12   Next: 27%
Magic:  16/16      EV: 17    Int: 22    God:    Cheibriados [****..]
Gold:   688        SH:  0    Dex: 27    Spells: 7/11 levels left

rFire   + . .        O - +2 arbalest (drain)
rCold   . . .        (shield currently unavailable)
rNeg    . . .        v - +0 acid dragon scales
rPois   .            i - +0 helmet
rElec   .            m - +0 cloak
rCorr   +            x - +0 pair of gloves
SInv    +            (no boots)
Will    +....        H - amulet "Mafageh" {*Corrode Will+ Regen+ SInv}
Stlth   ++           A - ring of protection from fire
HPRegen 1.17/turn    C - +4 ring of slaying
MPRegen 0.15/turn

%: corrode self (3%)
@: corroded, very slow
A: amphibious, slowness 1, strong legs 1, +LOS
a: Hop, Renounce Religion, Bend Time, Temporal Distortion, Slouch


You were on level 11 of the Dungeon.
You worshipped Cheibriados.
Cheibriados was greatly pleased with you.
You visited 2 branches of the dungeon, and saw 12 of its levels.
You also visited: Sewer and Bailey.

You collected 1264 gold pieces.
You spent 576 gold pieces at shops.

Inventory:

Hand Weapons
 a - a +2 trident of electrocution
 o - a +2 spectral quarterstaff
 J - the +5 spear "Maalliask" {heavy, rC- rCorr Int+2 Dex+3}
   (You found it on level 7 of the Dungeon)

   Int:       It affects your intelligence (+2).
   Dex:       It affects your dexterity (+3).
   rC:        It makes you vulnerable to cold.
   rCorr:     It protects you from acid and corrosion.
 O - a +2 arbalest of draining (weapon)
 P - a +2 antimagic shortbow
Missiles
 u - 4 curare-tipped darts
 K - a throwing net
Armour
 i - a +0 helmet (worn)
 j - a +0 tower shield
 m - a +0 cloak (worn)
 t - a +1 chain mail of fire resistance
 v - +0 acid dragon scales (worn)
 x - a +0 pair of gloves (worn)
Magical Staves
 d - a staff of cold
Jewellery
 r - a +6 ring of strength
 A - a ring of protection from fire (left hand)
 B - a +6 ring of dexterity
 C - a +4 ring of slaying (right hand)
 H - the amulet "Mafageh" (around neck) {*Corrode Will+ Regen+ SInv}
   (You bought it in a shop on level 6 of the Dungeon)

   [amulet of regeneration]

   SInv:      It lets you see invisible.
   Regen:     It increases your rate of health regeneration.
   *Corrode:  It may corrode you when you take damage.
   Will:      It increases your willpower.
Wands
 n - a wand of iceblast (12)
 I - a wand of quicksilver (5)
 N - a wand of paralysis (14)
Scrolls
 b - 5 scrolls of immolation
 e - 2 scrolls of silence
 h - 2 scrolls of torment
 p - 6 scrolls of vulnerability
 s - 3 scrolls of enchant weapon
 w - a scroll of poison {unknown}
 y - 2 scrolls of magic mapping
 z - 2 scrolls of blinking
 D - 2 scrolls of enchant armour {unknown}
 G - 2 scrolls of fear
 M - a scroll of amnesia
Potions
 c - a potion of lignification {unknown}
 f - 4 potions of attraction
 g - 2 potions of mutation
 k - 4 potions of brilliance
 l - a potion of might
 q - 3 potions of curing
 E - a potion of invisibility {unknown}
 F - 3 potions of resistance
 L - 2 potions of heal wounds {unknown}
 Q - 2 potions of degeneration {unknown}
 R - a potion of berserk rage {unknown}


   Skills:
 + Level 12.6 Fighting
 + Level 11.1 Ranged Weapons
 + Level 10.6 Armour
 - Level 6.0 Dodging
 - Level 0.8 Stealth
 + Level 4.5 Necromancy
 + Level 5.9 Invocations


You had 7 spell levels left.
You knew the following spells:

 Your Spells              Type           Power      Damage    Failure   Level
a - Animate Dead          Necr           19%        N/A       30%         4

Your spell library contained the following spells:

 Spells                   Type           Power      Damage    Failure   Level
 Poisonous Vapours        Pois/Air       0%         N/A       30%         2
 Mephitic Cloud           Conj/Pois/Air  0%         N/A       52%         3
 Passage of Golubria      Tloc           0%         N/A       89%         4
 Borgnjor's Vile Clutch   Necr/Erth      4%         N/A       91%         5
 Freezing Cloud           Conj/Ice/Air   0%         6-21      99%         5
 Silence                  Hex/Air        0%         N/A       99%         5
 Death Channel            Necr           9%         N/A       99%         6
 Lehudib's Crystal Spear  Conj/Erth      0%         10d2      100%        8


Dungeon Overview and Level Annotations

Branches:
Dungeon (11/15)            Temple (1/1) D:6             Orc (0/2) D:9
  Sewer (visited)          Bailey (visited)
   Lair: D:8-11

Altars:
Cheibriados
Dithmenos
Fedhas
Gozag
Hepliaklqana
Kikubaaqudgha
Nemelex Xobeh
Qazlal
Ru
Trog
Vehumet
Zin
The Shining One

Shops:
D:4 =   D:6 =   D:7 *

Annotations:
D:10 exclusion: downstairs


Innate Abilities, Weirdness & Mutations

You are amphibious.
You cover ground slowly.
You can hop short distances.
You have an extended range of vision and can be seen from far away.


Message History

A skeletal warrior is nearby!
Unknown command.
You shoot a bolt.
The bolt hits the skeletal warrior but does no damage.
You shoot a bolt. The bolt hits the skeletal warrior!!
The skeletal warrior is moderately damaged.
The skeletal warrior hits you with a +0 war axe!
You shoot a bolt.
The bolt barely misses the skeletal warrior.
The skeletal warrior misses you.
The skeletal warrior hits you with a +0 war axe!!
You shoot a bolt.
The bolt closely misses the skeletal warrior.
The skeletal warrior hits you with a +0 war axe.
You shoot a bolt. The bolt hits the skeletal warrior!
The skeletal warrior is heavily damaged.
The skeletal warrior completely misses you.
The skeletal warrior hits you with a +0 war axe!
You shoot a bolt.
The bolt barely misses the skeletal warrior. x2
The skeletal warrior hits you but does no damage.
The skeletal warrior attacks as you move away!
The skeletal warrior hits you with a +0 war axe.
The skeletal warrior throws a stone.
The stone hits you! The skeletal warrior misses you.
There is an open door, spattered with blood here.
The skeletal warrior barely misses you.
The skeletal warrior attacks as you move away!
The skeletal warrior barely misses you.
The skeletal warrior throws a stone.
The stone hits you.
Your corrosive artefact corrodes you!
The skeletal warrior hits you with a +0 war axe!
The skeletal warrior hits you with a +0 war axe.
* * * LOW HITPOINT WARNING * * *
The skeletal warrior throws a stone.
The stone hits you!
* * * LOW HITPOINT WARNING * * *
The skeletal warrior barely misses you.
There is a stone staircase leading up here.
The skeletal warrior hits you from afar with a +0 halberd!!
You die...

#############
#...........#
#.#########.##########
#.#
#............##########
#.#
#.#.#######...........#
#.#
#.######...#.########.#
#.# #.# ##.....### #z#
#.# #.# #..#.#..#######
#.# ..# #.#
#...@...#.....# #z###
.########.#
#..#z#..#####.###.#..
.#........#
##..z..##.....)...#.#
.#.########
##...##..###.##..#.#
.#.# ###'####.
#.##....# .#.#
#.#.#.##. #.##.....
.#.# #.#...##.
#.##....# )#.#
###.###.##. #.##.##.#
.#.# #.......##.#
#.##.##.#


You could see 2 skeletal warriors.

Vanquished Creatures
  Erolcha (D:10)
  3 two-headed ogres
  2 skeletal warriors (D:11)
  A deep elf pyromancer (Bailey)
  Pikel (D:4)
  An orc knight (Bailey)
  A cyclops (D:11)
  Maurice (D:8)
  A gargoyle (D:8)
  Maggie (D:10)
  A komodo dragon (D:10)
  A troll (D:9)
  A hornet (D:8)
  Grinder (D:3)
  Sigmund (D:2)
  5 slime creatures
  3 shadows
  A wraith (D:11)
  17 yaks
  A wyvern (D:9)
  A steam dragon (D:8)
  An acid dragon (D:11)
  2 black bears
  4 sky beasts (D:7)
  12 orc warriors
  5 centaurs
  A lemure (D:4)
  4 kobold brigands
  3 bullfrogs
  2 scorpions
  3 wights (D:9)
  5 howler monkeys
  3 orc priests
  2 gnoll boudas
  4 hounds
  Crazy Yiuf (D:2)
  3 sleepcaps
  An iguana (D:4)
  14 orc wizards
  Robin (D:3)
  10 adders
  21 gnolls
  A white imp (D:6)
  An ufetubus (D:4)
  2 worms
  A dart slug (D:1)
  41 orcs
  5 ball pythons
  7 bats
  2 endoplasms
  3 giant cockroaches
  17 goblins
  13 hobgoblins
  2 jackals (D:1)
  23 kobolds
  2 quokkas (D:1)
  4 frilled lizards
  8 rats
280 creatures vanquished.

Vanquished Creatures (others)
  4 plants (Sewer)
4 creatures vanquished.

Grand Total: 284 creatures vanquished

Notes
Turn   | Place    | Note
-------+----------+-------------------------------------------
     0 | D:1      | Mesmaeker13 the Barachi Hunter began the quest for the Orb.
     0 | D:1      | Reached XP level 1. HP: 17/17 MP: 1/1
    92 | D:1      | Reached XP level 2. HP: 21/23 MP: 2/2
   294 | D:1      | Reached skill level 3 in Fighting
   294 | D:1      | Reached XP level 3. HP: 23/29 MP: 3/3
   635 | D:2      | Found a faded altar of an unknown god.
   651 | D:2      | Found a glowing golden altar of the Shining One.
   734 | D:2      | Reached XP level 4. HP: 35/35 MP: 4/4
   789 | D:2      | Found a runed translucent door.
   917 | D:2      | Noticed Sigmund
  1311 | D:3      | Noticed Grinder
  1325 | D:3      | Noticed Robin
  1519 | D:4      | Found Vary's Jewellery Shoppe.
  1543 | D:4      | Noticed a lemure
  1561 | D:4      | Killed a lemure
  1583 | D:4      | Noticed Pikel
  1589 | D:4      | Noticed a lemure
  1593 | D:4      | Killed Pikel
  1594 | D:4      | Reached skill level 5 in Fighting
  1594 | D:4      | Reached skill level 5 in Ranged Weapons
  1594 | D:4      | Reached skill level 5 in Dodging
  1594 | D:4      | Reached XP level 5. HP: 4/44 MP: 5/5
  1594 | D:4      | Reached XP level 6. HP: 5/51 MP: 6/6
  1594 | D:4      | Reached XP level 7. HP: 5/56 MP: 7/7
  2192 | D:4      | Found a bloodstained altar of Trog.
  2401 | D:3      | Found an opulent altar of Gozag.
  2407 | D:3      | Found a stormy altar of Qazlal.
  2410 | D:3      | Found a blossoming altar of Fedhas.
  2410 | D:3      | Found a shadowy altar of Dithmenos.
  2417 | D:3      | Found an ancient bone altar of Kikubaaqudgha.
  2469 | D:3      | Reached skill level 6 in Fighting
  2501 | D:3      | Paralysed by Grinder for 5 turns
  2513 | D:3      | Paralysed by Grinder for 5 turns
  2520 | D:3      | Killed Grinder
  2521 | D:3      | Reached XP level 8. HP: 18/65 MP: 8/8
  3355 | D:3      | Killed Robin
  3761 | D:2      | Killed Sigmund
  3762 | D:2      | Reached skill level 7 in Fighting
  3762 | D:2      | Reached skill level 1 in Armour
  4077 | D:2      | Noticed Crazy Yiuf
  4088 | D:2      | Killed Crazy Yiuf
  4692 | D:5      | Entered Level 5 of the Dungeon
  5153 | D:5      | Found a glowing drain.
  5158 | Sewer    | Entered a sewer
  5894 | Sewer    | Reached skill level 8 in Fighting
  5918 | Sewer    | Reached XP level 9. HP: 71/74 MP: 9/9
  6156 | D:5      | Found a sparkling altar of Nemelex Xobeh.
  6347 | D:6      | Found Quigguze's Jewellery Emporium.
  6756 | D:6      | Found a staircase to the Ecumenical Temple.
  6761 | Temple   | Entered the Ecumenical Temple
  6776 | Temple   | Became a worshipper of Cheibriados the Contemplative
  7049 | D:6      | Reached skill level 5 in Armour
  7196 | D:7      | Found Vull's Assorted Antiques.
  7333 | D:7      | Reached skill level 9 in Fighting
  7663 | D:7      | Reached * piety under Cheibriados
  8119 | D:7      | Identified the +5 spear "Maalliask" {heavy, rC- rCorr Int+2
                  | Dex+3}
  8591 | D:8      | Noticed a hornet
  8595 | D:8      | Killed a hornet
  8600 | D:8      | Reached XP level 10. HP: 70/85 MP: 10/10
  8614 | D:8      | Reached skill level 10 in Fighting
  8662 | D:8      | Noticed Maurice
  8674 | D:8      | Killed Maurice
  8674 | D:8      | Reached ** piety under Cheibriados
  8675 | D:8      | Reached skill level 1 in Invocations
  9191 | D:8      | Found a sacrificial altar of Ru.
  9212 | D:8      | Noticed a gargoyle
  9226 | D:8      | Killed a gargoyle
  9419 | D:8      | Noticed a two-headed ogre
  9430 | D:8      | Killed a two-headed ogre
  9805 | D:9      | Reached skill level 11 in Fighting
  9819 | D:9      | Reached *** piety under Cheibriados
  9847 | D:9      | Found a staircase to the Orcish Mines.
  9972 | D:9      | Learned a level 4 spell: Animate Dead
 10191 | D:9      | Reached XP level 11. HP: 93/93 MP: 4/13
 10251 | D:9      | Reached skill level 10 in Ranged Weapons
 10251 | D:9      | Reached skill level 1 in Necromancy
 10842 | D:10     | Entered Level 10 of the Dungeon
 11106 | D:10     | Reached **** piety under Cheibriados
 11129 | D:10     | Found a flagged portal.
 11135 | Bailey   | Entered a bailey
 11245 | Bailey   | Noticed an orc knight
 11282 | Bailey   | Killed an orc knight
 11332 | Bailey   | Found a large runed translucent door.
 11333 | Bailey   | Found a large runed translucent door.
 11334 | Bailey   | Noticed a deep elf pyromancer
 11336 | Bailey   | Found the +9 staff of Olgreb {rPois∞}
 11400 | Bailey   | Killed a deep elf pyromancer
 11428 | Bailey   | Identified the +0 chain mail of Yruklet {Int+4 Dex+3}
 11474 | D:10     | Identified a scroll of acquirement
 11475 | D:10     | Acquired 544 gold pieces
 11521 | D:10     | Noticed Erolcha
 11575 | D:9      | Reached skill level 5 in Invocations
 11770 | D:10     | Reached skill level 12 in Fighting
 11954 | D:10     | Noticed Maggie
 11961 | D:10     | Killed Maggie
 12223 | D:11     | Reached skill level 10 in Armour
 12288 | D:11     | Noticed a skeletal warrior
 12288 | D:11     | Noticed a skeletal warrior
 12294 | D:11     | Killed a skeletal warrior
 12300 | D:11     | Killed a skeletal warrior
 12301 | D:11     | Reached XP level 12. HP: 82/102 MP: 10/16
 12645 | D:6      | Bought the amulet "Mafageh" {*Corrode Will+ Regen+ SInv}
                  | for 576 gold pieces
 12890 | D:10     | You fall into a shaft and drop 1 floor!
 12947 | D:10     | Killed Erolcha
 12990 | D:11     | Noticed a two-headed ogre
 12990 | D:11     | Noticed a two-headed ogre
 13155 | D:11     | Killed a two-headed ogre
 13179 | D:11     | Noticed a two-headed ogre
 13182 | D:11     | Killed a two-headed ogre
 13279 | D:11     | Slain by a skeletal warrior

Illustrated notes

Levels and vault maps discovered:
D:1:      enne_arrival_octagon_isle, layout_basic
D:2:      layout_loops_cross, hellmonk_ecumenical_altar_arch_garden,
          basic_altar, skrybe_limestone_x, hex_tiny, uniq_crazy_yiuf_cottage,
          uniq_sigmund
D:3:      layout_basic, nicolae_overflow_hallway_of_the_gods, uniq_robin,
          uniq_grinder
D:4:      layout_loops_cross, mainiacjoe_overflow_alcove_4,
          kennysheep_small_square, uniq_pikel
D:5:      layout_basic, mainiacjoe_overflow_24_doors, portal_sewer_entry_e
D:6:      layout_basic, minmay_temple_entry_nine_rooms, serial_shops,
          nicolae_shop_gaudy_bauble, minmay_misc_feat_square
D:7:      layout_cave_pods, serial_shops, nicolae_shop_overgrown_old_shop,
          kennysheep_generic_room_7
D:8:      layout_gridville, mainiacjoe_overflow_concentric_impassable,
          kennysheep_generic_room_14, uniq_maurice
D:9:      layout_long_grid, erik_orc_3
D:10:     layout_loops_cross, enter_bailey_3, uniq_erolcha, uniq_maggie
D:11:     layout_loops_ring, lair_entry_dummy, kennysheep_small_circle
Temple:   jpeg_temple_clearing

Skill      XL: |  1  2  3  4  5  6  7  8  9 10 11 12 |
---------------+-------------------------------------+-----
Fighting       | 3 5 6 8 9 11 12 | 12.6
Dodging        | 3 5 6 |  6.0
Ranged Weapons | 5 6 7 8 9 10 11 | 11.1
Armour         | 4 7 8 10 | 10.6
Invocations    | 3 5 |  5.9
Necromancy     | 3 4 |  4.5
Stealth        | |  0.8

Action                     |  1- 3 |  4- 6 |  7- 9 | 10-12 || total
---------------------------+-------+-------+-------+-------++-------
  Melee: Quarterstaff      |       |    11 |    95 |     6 ||   112
         Dagger            |       |       |     3 |       ||     3
   Fire: Shortbow          |    77 |    56 |   344 |   354 ||   831
         Arbalest          |       |       |       |    71 ||    71
  Throw: Dart              |       |     2 |     5 |     2 ||     9
 Invoke: Bend Time         |       |       |       |     1 ||     1
         Slouch            |       |       |       |     1 ||     1
Ability: Hop               |       |     1 |     6 |     8 ||    15
  Evoke: Wand              |       |     1 |     8 |     7 ||    16
    Use: Scroll            |       |     3 |     5 |    13 ||    21
         Potion            |       |       |     1 |     1 ||     2
   Stab: Distracted        |       |     1 |     1 |       ||     2
 Armour: Leather armour    |     9 |    12 |    48 |       ||    69
         Ring mail         |       |       |     7 |     3 ||    10
         Steam dragon scal |       |       |       |    31 ||    31
         Acid dragon scale |       |       |       |     8 ||     8
  Dodge: Dodged            |    18 |    19 |   184 |   138 ||   359
